 Dungeon Crawl Stone Soup version 0.31.0-2-g5a2aebc5c2 (webtiles) character file.

Game seed: 11485522694013614886

11475120 bakla the Skinwalker (level 27, 170/170 HPs)
             Began as a Felid Shapeshifter on Jan 20, 2024.
             Was a Follower of Makhleb.
             Escaped with the Orb
             ... and 11 runes
             ... and 1 gem!
             The game lasted 03:06:23 (74870 turns).

bakla the Skinwalker (Felid Shapeshifter)          Turns: 74870, Time: 03:06:24

Health: 170/170    AC: 14    Str: 20    XL:     27
Magic:  50/50      EV: 62    Int: 16    God:    Makhleb [*.....]
Gold:   6195       SH:  0    Dex: 16    Spells: 26/52 levels left
                                        Lives:  1   Deaths: 9

rFire   + +          .
                       - Unarmed
rCold   + . .        (shield unavailable)
rNeg    . . .        (body armour unavailable)
rPois   ∞            (helmet unavailable)
rElec   +            (cloak unavailable)
rCorr   .            (gloves unavailable)
SInv    +            (boots unavailable)
Will    +++++        M - amulet of regeneration
Stlth   +++          Q - ring of Starshine {*Corrode rElec rPois rF++ SInv}
HPRegen 1.28/turn    y - ring of Kosugg {rElec rPois rC+ Will+ MP+9}
MPRegen 0.32/turn

%: corrode self (3%)
@: storm-form, blinkbolt cooldown, flying
A: cleaving, insubstantial, flying, very small, (claws 2), (fangs 3), see
invisible, (shaggy fur 3), (stealthy paws), no weapons or thrown items, no
armour, multi-lived, clumsy 1
0: Orb of Zot
}: 11/15 runes: serpentine, barnacled, slimy, silver, golden, abyssal, demonic,
glowing, magical, fiery, dark
a: Blinkbolt, Begin Untransformation, Renounce Religion


You escaped.
You worshipped Makhleb.
Makhleb was aware of your devotion.
You were a lightning-filled tempest!
You visited 15 branches of the dungeon, and saw 64 of its levels.
You visited Pandemonium 2 times, and saw 18 of its levels.
You visited the Abyss 1 time.
You visited 1 bazaar.
You also visited: Gauntlet and Desolation.

You collected 11782 gold pieces.
You spent 5587 gold pieces at shops.

Inventory:

Jewellery
 j - the ring "Seqitodghe" {MP+9 Dex+6}
   (You found it in a Gauntlet)

   [ring of dexterity]

   Dex+6:     It affects your dexterity (+6).
   MP+9:      It affects your magic capacity (+9).
 y - the ring of Kosugg (right paw) {rElec rPois rC+ Will+ MP+9}
   (You found it in the Desolation of Salt)

   [ring of magical power]

   rC+:       It protects you from cold.
   rElec:     It insulates you from electricity.
   rPois:     It protects you from poison Will+: It increases your willpower.
   MP+9:      It affects your magic capacity (+9).
 B - an amulet of reflection
 E - the amulet "Daxteis" {Acrobat Fly rElec rN+ rCorr}
   (You acquired it on level 2 of the Depths)

   [amulet of the acrobat]

   Acrobat:   It increases your evasion while moving and waiting.
   rElec:     It insulates you from electricity.
   rN+:       It protects you from negative energy.
   Fly:       It grants you flight.
   rCorr:     It protects you from acid and corrosion.
 G - a ring of resist corrosion
 J - the macabre finger necklace {Finger+ rN+}
   (You took it off a deep elf demonologist on level 3 of the Elven Halls)

   [amulet of nothing]

   Finger+:   It enables you to equip an extra ring.
   rN+:       It protects you from negative energy.
 M - an amulet of regeneration (around neck)
 Q - the ring of Starshine (left paw) {*Corrode rElec rPois rF++ SInv}
   (You took it off a minotaur in a Gauntlet)

   [ring of poison resistance]

   rF++:      It greatly protects you from fire.
   rElec:     It insulates you from electricity.
   rPois:     It protects you from poison SInv: It lets you see invisible.
   *Corrode:  It may corrode you when you take damage.
 R - the ring "Wiamaere" {Fly Will+ Str+2}
   (You found it on level 5 of the Pits of Slime)

   [ring of flight]

   Str+2:     It affects your strength (+2).
   Will+:     It increases your willpower.
   Fly:       It grants you flight.
 Y - the ring "Jivveus" {Str+6 Dex+7}
   (You took it off a deep elf pyromancer on level 3 of the Elven Halls)

   [ring of strength]

   Str+6:     It affects your strength (+6).
   Dex+7:     It affects your dexterity (+7).
Talismans
 e - a storm talisman (active)
 p - a granite talisman
 W - a talisman of death
Wands
 k - a wand of roots (59)
 m - a wand of flame (145)
 n - a wand of charming (67)
 A - a wand of digging (12)
 O - a wand of polymorph (31)
 U - a wand of acid (46)
Scrolls
 c - 14 scrolls of noise
 f - 8 scrolls of fear
 g - 5 scrolls of blinking
 i - 8 scrolls of poison
 l - 5 scrolls of revelation
 t - 3 scrolls of teleportation
 u - 6 scrolls of butterflies
 w - 2 scrolls of immolation
 D - 9 scrolls of amnesia
 F - 7 scrolls of vulnerability
 H - 45 scrolls of identify
 I - 5 scrolls of fog
 L - 6 scrolls of torment
 V - a scroll of silence
Potions
 a - 12 potions of brilliance
 b - 4 potions of resistance
 d - 29 potions of curing
 h - 15 potions of attraction
 o - 7 potions of cancellation
 q - 7 potions of lignification
 s - 6 potions of magic
 x - 4 potions of ambrosia
 z - 5 potions of invisibility
 K - 2 potions of might
 N - 3 potions of mutation
 P - 8 potions of haste
 S - 5 potions of enlightenment
 T - 2 potions of berserk rage
 X - 2 potions of heal wounds
Miscellaneous
 r - a phial of floods
 v - a lightning rod (4/4)
 C - a phantom mirror
 Z - a condenser vane


   Skills:
 - Level 25.9 Fighting
 - Level 26.0 Dodging
 - Level 21.1 Stealth
 - Level 26.0 Unarmed Combat
 - Level 13.0 Spellcasting
 - Level 25.0 Hexes
 - Level 4.0 Necromancy
 - Level 16.0 Translocations
 + Level 10.3 Invocations
 - Level 12.4 Evocations
 - Level 26.9 Shapeshifting


You had 26 spell levels left.
You knew the following spells:

 Your Spells              Type           Power      Damage    Failure   Level
a - Blink                 Tloc           100%       N/A       0%          2
b - Fugue of the Fallen   Necr           23%        N/A       3%          3
c - Enfeeble              Hex            37%        N/A       1%          7
d - Dispersal             Tloc           28%        N/A       1%          6
e - Discord               Hex            37%        N/A       1%          8

Your spell library contained the following spells:

 Spells                   Type           Power      Damage    Failure   Level
 Apportation              Tloc           100%       N/A       0%          1
 Slow                     Hex            100%       N/A       0%          1
 Jinxbite                 Hex            100%       N/A       0%          2
 Lesser Beckoning         Tloc           100%       N/A       0%          2
 Confusing Touch          Hex            74%        N/A       0%          3
 Sigil of Binding         Hex            74%        N/A       0%          3
 Tukima's Dance           Hex            74%        N/A       0%          3
 Cause Fear               Hex            37%        N/A       0%          4
 Necrotise                Necr           92%        1d8       1%          1
 Ensorcelled Hibernation  Hex/Ice        100%       N/A       1%          2
 Momentum Strike          Conj/Tloc      72%        3d10      1%          2
 Dazzling Flash           Conj/Hex       100%       N/A       1%          3
 Gell's Gravitas          Tloc           57%        N/A       1%          3
 Inner Flame              Hex/Fire       50%        N/A       1%          3
 Teleport Other           Tloc           57%        N/A       1%          3
 Volatile Blastmotes      Fire/Tloc      72%        2d16      1%          3
 Anguish                  Hex/Necr       27%        N/A       1%          4
 Manifold Assault         Tloc           57%        N/A       1%          4
 Passage of Golubria      Tloc           57%        N/A       1%          4
 Silence                  Hex/Air        25%        N/A       1%          5
 Summon Mana Viper        Hex/Summ       50%        N/A       1%          5
 Yara's Violent Unravell  Hex/Alch       25%        3d11      1%          5
 Iskenderun's Mystic Bla  Conj/Tloc      36%        2d9       2%          4
 Vhi's Electric Charge    Tloc/Air       72%        N/A       2%          4
 Kiss of Death            Conj/Necr      64%        2d10      3%          1
 Vampiric Draining        Necr           23%        2d7       3%          3
 Cigotuvi's Dreadful Rot  Necr/Alch/Air  28%        N/A       6%          2
 Foxfire                  Conj/Fire      40%        2x1d6     7%          1
 Magic Dart               Conj           40%        1d5       7%          1
 Sandblast                Erth           20%        2d7       7%          1
 Shock                    Conj/Air       40%        1d5       7%          1
 Sting                    Conj/Alch      40%        1d5       7%          1
 Summon Small Mammal      Summ           40%        N/A       7%          1
 Summon Forest            Summ/Tloc      18%        N/A       7%          5
 Call Imp                 Summ           20%        N/A       10%         2
 Static Discharge         Conj/Air       20%        3-4/arc   10%         2
 Animate Dead             Necr           23%        N/A       13%         4
 Dispel Undead            Necr           23%        3d12      13%         4
 Call Canine Familiar     Summ           10%        N/A       21%         3
 Mephitic Cloud           Conj/Alch/Air  10%        N/A       21%         3
 Passwall                 Erth           10%        N/A       21%         3
 Stone Arrow              Conj/Erth      20%        3d8       21%         3
 Martyr's Knell           Necr/Summ      16%        N/A       28%         4
 Curse of Agony           Necr           23%        N/A       34%         5
 Disjunction              Tloc           28%        N/A       52%         8
 Airstrike                Air            5%         2d(1-17)  54%         4
 Brom's Barrelling Bould  Conj/Erth      10%        2d3       54%         4
 Flame Wave               Conj/Fire      10%        2d6       54%         4
 Fulminant Prism          Conj/Alch      5%         3d7       54%         4
 Ignite Poison            Fire/Alch      10%        N/A       54%         4
 Petrify                  Alch/Erth      10%        N/A       54%         4
 Sticky Flame             Fire/Alch      10%        2d5       54%         4
 Summon Blazeheart Golem  Fire/Summ      10%        N/A       54%         4
 Summon Lightning Spire   Summ/Air       10%        N/A       54%         4
 Borgnjor's Vile Clutch   Necr/Erth      8%         N/A       63%         5
 Alistair's Intoxication  Alch           6%         N/A       88%         5
 Arcjolt                  Conj/Air       5%         1d15      88%         5
 Fireball                 Conj/Fire      5%         3d5       88%         5
 Freezing Cloud           Conj/Ice/Air   5%         6-21      88%         5
 Irradiate                Conj/Alch      5%         3d13      88%         5
 Iskenderun's Battlesphe  Conj           10%        2d6       88%         5
 Lee's Rapid Deconstruct  Erth           5%         3d6*      88%         5
 Bombard                  Conj/Erth      5%         9d2       100%        6
 Conjure Ball Lightning   Conj/Air       5%         3x3d6     100%        6
 Eringya's Noxious Bog    Alch           5%         4d6       100%        6
 Plasma Beam              Fire/Air       5%         2x1d15    100%        6
 Sculpt Simulacrum        Ice/Alch       5%         N/A       100%        6
 Starburst                Conj/Fire      5%         6d4       100%        6
 Summon Cactus Giant      Summ           5%         N/A       100%        6
 Haunt                    Necr/Summ      8%         N/A       100%        7
 Orb of Destruction       Conj           5%         9d5       100%        7
 Ozocubu's Refrigeration  Ice            5%         4d8       100%        7
 Spellforged Servitor     Conj/Summ      5%         N/A       100%        7
 Summon Hydra             Summ           5%         N/A       100%        7
 Borgnjor's Revivificati  Necr           11%        N/A       100%        8
 Ignition                 Fire           5%         3d4       100%        8
 Infestation              Necr           11%        N/A       100%        8
 Lehudib's Crystal Spear  Conj/Erth      5%         10d3      100%        8
 Maxwell's Capacitive Co  Air            5%         ∞         100%        8
 Death's Door             Necr           11%        N/A       100%        9
 Dragon's Call            Summ           5%         N/A       100%        9
 Polar Vortex             Ice            5%         N/A       100%        9
 Dimensional Bullseye     Hex/Tloc       Unusable   N/A       N/A         4
 Sublimation of Blood     Necr           Unusable   N/A       N/A         2
 Animate Armour           Summ/Erth      Unusable   N/A       N/A         4

Dungeon Overview and Level Annotations

Branches:
Dungeon (15/15)            Temple (1/1) D:6            Lair (5/5) D:9
 Shoals (4/4) Lair:3        Snake (4/4) Lair:2        Slime (5/5) Lair:5
    Orc (2/2) D:12            Elf (3/3) Orc:2        Vaults (5/5) D:13
  Crypt (3/3) Vaults:2       Tomb (3/3) Crypt:3      Depths (4/4) D:15
   Hell (visited)             Dis (0/7) Hell            Geh (0/7) Hell
    Coc (4/7) Hell            Tar (0/7) Hell            Zot (5/5) Depths:4
Desolation (visited)      Gauntlet (visited)

Altars:
Ashenzari
Cheibriados
Dithmenos
Elyvilon
Fedhas
Gozag
Hepliaklqana
Kikubaaqudgha
Makhleb
Nemelex Xobeh
Okawaru
Qazlal
Ru
Sif Muna
Trog
Uskayaw
Vehumet
Wu Jian
Xom
Yredelemnul
Zin
The Shining One
Jiyva

Shops:
D:4 =   D:5 [**=[   D:9 =   Orc:2 (!:=   Elf:2 =   Snake:1 ?   Snake:2 =:=:
Vaults:1 *   Vaults:2 [((   Vaults:3 (:   Vaults:4 (   Depths:2 ?   Depths:4 *

Portals:
Hell: Depths:1 Depths:2 Depths:3 Depths:4
Abyss: Depths:3 Depths:4
Pandemonium: Depths:2
Ziggurat: Depths:4

Annotations:
D:11 2 transporters, OlivierBoivin's ghost, journeyman MfGl
D:15 3 runed translucent doors, Bananafolds's ghost, adept NaAl
Shoals:3 3 runed translucent doors, Jingleheimer's ghost, adept MiBe
Elf:2 3 runed translucent doors
Elf:3 3 runed translucent doors, becking's ghost, adept GrMo
Tomb:3 Boris


Innate Abilities, Weirdness & Mutations

You are a lightning-filled tempest!
Your electrical attacks strike out in all directions at once.
You are incredibly evasive.
Your insubstantial body is immune to petrification, constriction, and being set on fire You are flying.
You are immune to poison.
((You have sharp claws.))
((You have razor-sharp teeth.))
You have supernaturally acute eyesight. (SInv)
((Your thick and shaggy fur keeps you warm. (AC +3, rC+)))
((Your paws help you pounce on unaware monsters.))
You are incapable of wielding weapons or throwing items.
You cannot wear armour.
You gain extra lives every three experience levels.
You are clumsy. (Dex -2)


Message History

Things that are here:
a hell hog corpse; a hell hog corpse
Things that are here:
a +0 demon trident; a +0 leather armour You start waiting.
You feel yourself speed up. What are your orders? t - Bellow!
Orders for allies: a - Attack new target. r - Retreat! s - Stop attacking. g - Guard the area. f - Follow me.
Anything else - Cancel.
You bellow for attention!
You see here a +0 demon whip of venom.
Things that are here:
a +0 great sword; a +0 leather armour; a demonspawn corpse A Brimstone Fiend comes into view.
You see here a +1 demon whip of draining.
Aiming: Blinkbolt
Press: ? - help, Dir - move target, f - Brimstone Fiend
Aim: a Brimstone Fiend (97% to hit)
The shock of your passage hits the Brimstone Fiend!!!!
The Brimstone Fiend is severely wounded.
You blink.
The Brimstone Fiend completely misses you.
The Brimstone Fiend hits you!
The Brimstone Fiend completely misses you.
Unknown command.
You batter the Brimstone Fiend!!
You kill the Brimstone Fiend!
Makhleb accepts your kill. What are your orders? t - Bellow!
Orders for allies: a - Attack new target. r - Retreat! s - Stop attacking. g - Guard the area. f - Follow me.
Anything else - Cancel.
You bellow for attention!
There is a staircase leading out of the dungeon here.
You have escaped!

...J.#....#..♣♣...........######.
#.......###.P..♣...............#.
....[..###..♣♣P...P............#.
##...................###.....)...
....##......[.........##........#
....##.#.........b.P...#.......##
...)#..#........................#
....b.#.......♣...♣.....b........
....##)....P...⌠v.♣♣..P.⌠......#.
.....).....⌠.....♣♣..P.........#.
................♣♣...⌠....#######
..........................# #
....>.................#...#######
#######......................†...
##..........#####...#######
#######.#..# #...# #).#.# #...#


There were no monsters in sight!

Vanquished Creatures
  Cerebov (Pan)
  the Royal Jelly (Slime:5)
  Gloorx Vloq (Pan)
  Mnoleg (Pan)
  Lom Lobon (Pan)
  4 dread liches
  5 orbs of fire (Zot:5)
  Khufu (Tomb:3)
  6 ancient liches
  Mara (Vaults:5)
  A juggernaut (Depths:4)
  12 royal mummies
  Josephina (Depths:3)
  4 Killer Klowns (Zot:5)
  Saint Roka (Elf:2)
  A curse toe (Zot:4)
  Geryon (Hell)
  Nikola (Snake:3)
  6 golden dragons
  A profane servitor (D:1)
  the Enchantress (Depths:4)
  2 bone dragons
  2 electric golems (Zot:5)
  5 Tzitzimimeh
  2 Brimstone Fiends
  20 tentacled monstrosities
  A hellephant (Hell)
  7 pandemonium lords
  Zenata (Elf:2)
  A walking crystal tome (Depths:3)
  3 Hell Sentinels
  A shard shrike skeleton (Tomb:3)
  34 Orb Guardians
  A walking earthen tome (Depths:3)
  12 liches
  A tainted leviathan (Depths:2)
  10 titans
  5 Ice Fiends
  2 deep elf blademasters (Elf:3)
  Asterion (Depths:1)
  The ghost of Eskosele the Warrior, an adept TeRe of Hepliaklqana (Elf:2)
  3 quicksilver dragons
  3 tentacled starspawn (Abyss:3)
  20 acid blobs
  14 sphinxes
  A deep elf master archer (Elf:3)
  7 death cobs
  16 Executioners
  Polyphemus (Shoals:4)
  A kraken (Shoals:3)
  4 ancient champions
  Agnes (Elf:1)
  15 storm dragons
  6 shadow dragons
  7 tengu reavers
  7 revenants
  8 rockslimes
  7 azure jellies
  4 fenstrider witches
  Aizul (Snake:2)
  7 fire giants
  9 demonspawn warmongers (Pan)
  5 draconian knights
  6 protean progenitors
  3 draconian monks
  7 nagarajas
  Roxanne (Elf:2)
  3 narguns
  10 deep elf sorcerers
  11 frost giants
  A daeva (Depths:3)
  18 vault wardens
  6 draconian shifters
  2 emperor scorpions (Zot:2)
  20 balrugs
  4 iron dragons
  4 draconian stormcallers
  4 draconian scorchers
  A ghost moth (shapeshifter) (Abyss:3)
  An imperial myrmidon (Desolation)
  3 deep elf elementalists (Elf:3)
  12 ghost moths
  8 ghouls
  6 demonspawn corrupters
  10 draconian annihilators
  2 shard shrike simulacra
  12 stone giants
  10 ironbound thunderhulks
  A juggernaut skeleton (Pan)
  13 cacodemons
  4 curse skulls
  22 ironbound preservers
  10 quicksilver oozes
  An orc warlord (Vaults:3)
  7 spriggan defenders
  17 reapers
  6 demonspawn blood saints (Pan)
  3 caustic shrike skeletons
  16 very ugly things
  12 vampire knights
  16 formless jellyfish
  3 elemental wellsprings
  7 green draconians
  6 bennus
  12 black draconians
  2 bunyips (Pan)
  6 deep elf death magi
  11 demonspawn black suns
  3 putrid mouths (Hell)
  7 deep elf demonologists
  A minotaur (Gauntlet)
  2 wendigos
  9 purple draconians
  9 red draconians
  7 lorocyprocas (Pan)
  10 deep elf annihilators
  8 war gargoyles
  A halazid warlock (Desolation)
  13 spark wasps
  10 yellow draconians
  2 eidola (Crypt:2)
  10 white draconians
  23 blizzard demons
  8 dire elephants
  11 merfolk impalers
  4 merfolk javelineers
  13 green deaths
  16 mummy priests
  14 ettins
  4 jiangshi
  A quicksilver dragon zombie (Hell)
  8 fire dragons
  11 crystal guardians
  The ghost of TheBioAlchemist the Mimic, a journeyman OpSh of Ashenzari (D:13)
  11 yaktaur captains
  9 ragged hierophants (Desolation)
  A kraken zombie (Hell)
  A hydra (shapeshifter) (Abyss:3)
  Erolcha (Orc:1)
  2 deep elf high priests (Elf:3)
  5 merfolk avatars
  A salamander tyrant (Snake:4)
  3 entropy weavers
  8 hydras
  27 vault guards
  10 great orbs of eyes
  A fenstrider witch zombie (Hell)
  A spriggan zombie (Crypt:1)
  2 caustic shrike simulacra
  11 rakshasas
  11 servants of whispers (Desolation)
  3 spriggan skeletons
  7 centaur warriors
  3 ogre magi
  9 spriggan air magi
  2 ironbound frosthearts
  7 merfolk aquamancers
  17 peacekeepers
  Erica (Orc:1)
  5 two-headed ogres
  An alligator snapping turtle (Shoals:4)
  2 hell beasts
  4 catoblepae
  4 jorogumos (Pan)
  6 juggernaut simulacra
  15 anacondas
  6 ice dragons
  3 death knights (Crypt:2)
  A deep troll shaman (Depths:4)
  23 naga warriors
  4 boulder beetles
  22 death yaks
  88 death scarabs
  6 tengu warriors
  A two-headed ogre (shapeshifter) (Vaults:5)
  4 vampire magi
  25 dancing weapons
  2 satyrs (Shoals:4)
  3 demonic crawlers
  19 naga sharpshooters
  6 thrashing horrors
  12 hell hogs
  2 spriggan berserkers
  20 hell knights
  2 spectral emperor scorpions (Pan)
  63 sun demons
  8 deep troll earth magi
  3 orc high priests
  5 spriggans
  13 shock serpents
  2 occultists (Depths:3)
  Sonja (D:12)
  21 sixfirhies
  A titan skeleton (Tomb:1)
  6 holy swine (Pan)
  A storm dragon zombie (D:15)
  2 wretched stars (Abyss:3)
  11 shadow wraiths
  36 skeletal warriors
  20 soul eaters
  18 deep elf knights
  7 salamander mystics
  6 skysharks
  2 storm dragon skeletons
  A hellephant skeleton (Pan)
  6 glowing orange brains
  6 iron trolls
  15 sea snakes
  An iron giant zombie (Tomb:2)
  2 bunyip zombies
  62 deep trolls
  A goliath frog (Pan)
  8 sun moths
  14 mana vipers
  An anaconda zombie (Crypt:1)
  17 arcanists
  3 flayed ghosts
  2 spriggan simulacra (Coc:4)
  A mana viper (shapeshifter) (Vaults:5)
  10 shadow demons
  A bog body (Crypt:1)
  16 ironbound convokers
  11 naga ritualists
  15 necromancers
  A lindwurm (shapeshifter) (Vaults:2)
  11 lindwurms
  21 deep elf archers
  34 deep elf pyromancers
  An alligator zombie (Hell)
  6 phantasmal warriors
  28 harpies
  A sphinx simulacrum (Depths:3)
  A bunyip skeleton (Abyss:3)
  24 deep elf zephyrmancers
  6 orc knights
  2 stone giant zombies
  11 fauns
  23 ugly things
  13 orc sorcerers
  A wolf spider (Lair:5)
  A wolf spider (shapeshifter) (Vaults:5)
  6 cyclopes
  25 salamanders
  An oklob plant (Gauntlet)
  18 manticores
  A formless jellyfish zombie (Crypt:1)
  9 shining eyes
  3 worldbinders (Abyss:3)
  A jorogumo skeleton (Crypt:2)
  28 large abominations
  29 moths of wrath
  2 stone giant skeletons
  4 kobold blastminers (Orc:1)
  10 merfolk sirens
  A toenail golem (D:14)
  3 guardian serpents (shapeshifter) (Abyss:3)
  2 centaur zombies
  4 eyes of devastation
  11 guardian serpents
  An iron dragon skeleton (Crypt:2)
  An ice statue (Hell)
  59 black mambas
  5 rust devils
  28 naga magi
  8 elephants (Lair:4)
  20 vault sentinels
  A molten gargoyle (Desolation)
  3 titan simulacra
  3 gargoyles
  8 water nymphs
  32 smoke demons
  5 torpor snails (Lair:5)
  2 centaur skeletons
  An alligator snapping turtle zombie (Crypt:1)
  4 rime drakes
  10 orange demons
  5 hellions
  A storm dragon simulacrum (Depths:3)
  9 unseen horrors
  8 efreet
  5 freezing wraiths
  12 cane toads
  An alligator snapping turtle skeleton (Tomb:1)
  21 yaktaurs
  16 komodo dragons
  2 tormentors (Pan)
  2 bunyip simulacra
  An anaconda simulacrum (Coc:3)
  An iron giant simulacrum (Coc:4)
  2 ancient zymes (Abyss:3)
  A spark wasp simulacrum (Depths:3)
  3 ice devils
  9 red devils
  35 guardian mummies
  3 tengu conjurers
  A purple draconian skeleton (Crypt:1)
  11 polar bears
  9 hornets
  An unseen horror skeleton (Crypt:2)
  4 hydra zombies (Hell)
  3 harpy zombies
  4 tyrant leeches (Lair:5)
  4 trolls
  29 merfolk
  23 wind drakes
  2 alligator simulacra (Hell)
  A tarantella (Vaults:1)
  A tarantella (shapeshifter) (Abyss:3)
  19 hellwings (Pan)
  A harpy skeleton (Crypt:3)
  7 blink frogs
  2 glass eyes
  5 raiju
  26 dream sheep
  60 saltlings
  A shadow dragon simulacrum (Crypt:1)
  A fire dragon zombie (Crypt:3)
  An iron dragon simulacrum (Coc:3)
  A meliai zombie (Crypt:2)
  A jumping spider (Vaults:1)
  2 stone giant simulacra
  An ettin skeleton (Hell)
  10 snapping turtles
  57 slime creatures
  2 jumping spiders (shapeshifter)
  A centaur simulacrum (Coc:2)
  Sigmund (D:5)
  21 water elementals
  2 shadows
  10 small abominations
  9 wyverns
  A black mamba zombie (Crypt:3)
  10 wraiths
  43 yaks
  4 vampires
  3 air elementals
  24 ynoxinuls
  4 dire elephant simulacra
  11 starcursed masses (Abyss:3)
  4 fire elementals
  15 golden eyes
  20 ushabtiu
  A yak (shapeshifter) (D:14)
  2 basilisks
  A steam dragon (D:7)
  8 wargs
  19 neqoxecs
  5 chaos spawn (Pan)
  4 vampire mosquitoes (D:12)
  58 nagas
  7 harpy simulacra
  2 acid dragons (Gauntlet)
  26 water moccasins
  22 hell hounds
  Edmund (D:5)
  Duvessa (D:7)
  2 hydra simulacra
  2 demonspawn skeletons
  22 orc warriors
  4 sky beasts (D:13)
  41 laughing skulls
  3 ice beasts
  15 black bears
  2 ettin simulacra
  A swamp dragon zombie (Crypt:2)
  5 ogres
  A boggart (Elf:1)
  A wolf (shapeshifter) (Elf:1)
  27 wolves
  5 centaurs
  2 phantoms
  3 weeping skulls (Abyss:3)
  A hog skeleton (Crypt:2)
  A brain worm (shapeshifter) (D:15)
  2 kobold brigands
  A gnoll sergeant (D:11)
  A brain worm (Abyss:3)
  A glowing shapeshifter simulacrum (Depths:3)
  2 earth elementals
  A naga simulacrum (Coc:2)
  10 bullfrogs
  5 necrophages
  2 scorpions
  A warg skeleton (Crypt:1)
  9 wights
  Dowan (D:7)
  4 killer bees (D:11)
  2 electric eels
  A shapeshifter skeleton (Crypt:1)
  2 jellies
  2 quasits (Abyss:3)
  An iron imp (Abyss:3)
  33 orc priests
  5 bombardier beetles
  9 hounds
  A bullfrog skeleton (Crypt:2)
  4 sleepcaps
  6 iguanas
  37 orc wizards
  9 hell rats
  4 naga skeletons
  58 mummies
  Robin (D:4)
  8 gnolls
  3 adders
  A white imp (D:7)
  3 ufetubi (D:5)
  2 dart slugs
  4 ribbon worms
  66 orcs
  6 endoplasms
  5 giant cockroaches
  A gnoll zombie (Crypt:2)
  6 hobgoblins
  10 jackals
  26 kobolds
  5 quokkas
  12 ball pythons
  5 bats
  3 frilled lizards
  9 goblins
  29 rats
  2 aspiring fleshes
  2 butterflies (D:1)
  2 lurking horrors (Abyss:3)
  4 starspawn tentacles (Abyss:3)
3584 creatures vanquished.

Vanquished Creatures (collateral kills)
  A spectral emperor scorpion (Pan)
  A wind drake (Pan)
2 creatures vanquished.

Vanquished Creatures (others)
  An eldritch tentacle (Pan)
  A deep elf sorcerer (Elf:3)
  A green death (Pan)
  A peacekeeper (Desolation)
  2 deep elf knights (Elf:2)
  A deep elf pyromancer (Elf:2)
  A black mamba (Snake:2)
  A yaktaur (Vaults:2)
  A wind drake (Pan)
  An alligator simulacrum (Hell)
  A water elemental (Shoals:3)
  A basilisk (D:13)
  2 chaos spawn (Pan)
  An ogre (Orc:1)
  A hell rat (Hell)
  2 orcs (Orc:1)
  2 creeping infernos (Hell)
  5 starspawn tentacles (Abyss:3)
  4 tentacles (Shoals:3)
30 creatures vanquished.

Grand Total: 3616 creatures vanquished

Notes
Turn   | Place    | Note
-------+----------+-------------------------------------------
     0 | D:1      | bakla the Felid Shapeshifter began the quest for the Orb.
     0 | D:1      | Reached XP level 1. HP: 10/10 MP: 2/2
    83 | D:1      | Reached skill level 1 in Stealth
    83 | D:1      | Reached XP level 2. HP: 14/14 MP: 3/3
   443 | D:1      | Reached XP level 3. HP: 18/18 MP: 4/4
  1199 | D:2      | Reached XP level 4. HP: 23/23 MP: 5/5
  1199 | D:2      | Gained a life (2 lives remaining)
  1996 | D:3      | Reached XP level 5. HP: 26/27 MP: 6/6
  2028 | D:3      | Found a snail-covered altar of Cheibriados.
  2300 | D:3      | Found a faded altar of an unknown god.
  2453 | D:3      | Found a stormy altar of Qazlal.
  2517 | D:4      | HP: 1/27 [iguana (13)]
  2703 | D:4      | Noticed Robin
  2897 | D:4      | Found a white marble altar of Elyvilon.
  2909 | D:4      | Gained mutation: You are covered in thick fur. (AC +2)
                  | [Felid growth]
  2909 | D:4      | Reached XP level 6. HP: 32/32 MP: 7/7
  3057 | D:4      | Found a radiant altar of Vehumet.
  3208 | D:4      | Found a broken altar of Ashenzari.
  3554 | D:4      | Killed Robin
  3555 | D:4      | Reached skill level 5 in Dodging
  3719 | D:4      | Found Geel's Jewellery Shop.
  3762 | D:5      | Entered Level 5 of the Dungeon
  3777 | D:5      | Reached XP level 7. HP: 20/36 MP: 8/8
  3878 | D:5      | Learned a level 2 spell: Blink
  3920 | D:5      | Noticed a wraith
  4032 | D:5      | Found Voumn's Jewellery Shoppe.
  4247 | D:5      | Reached skill level 5 in Unarmed Combat
  4294 | D:5      | Found Joneneet's General Store.
  4362 | D:5      | Found Qaxodar's Assorted Antiques.
  4653 | D:5      | Found Ajaofu's Antique Armour Emporium.
  4716 | D:5      | Found Oggyipn's Armour Shop.
  4751 | D:5      | Killed a wraith
  4752 | D:5      | Reached XP level 8. HP: 23/42 MP: 9/9
  5053 | D:5      | Reached skill level 5 in Fighting
  5113 | D:5      | Reached skill level 5 in Shapeshifting
  5279 | D:5      | Noticed Edmund
  5280 | D:5      | Noticed Sigmund
  5306 | D:5      | Killed Edmund
  5397 | D:5      | Killed Sigmund
  5567 | D:6      | Found a bloodstained altar of Trog.
  5629 | D:6      | Reached XP level 9. HP: 48/48 MP: 10/10
  5862 | D:6      | Found a staircase to the Ecumenical Temple.
  5879 | Temple   | Entered the Ecumenical Temple
  5907 | Temple   | Became a worshipper of the Wu Jian Council
  6192 | D:7      | Noticed Duvessa
  6192 | D:7      | Noticed Dowan
  6193 | D:7      | Found a basalt altar of Yredelemnul.
  6202 | D:7      | Killed Duvessa
  6205 | D:7      | Killed Dowan
  6444 | D:7      | Noticed a troll
  6446 | D:7      | Killed a troll
  6888 | D:7      | Reached * piety under Wu Jian
  7450 | D:8      | Found a shadowy altar of Dithmenos.
  7704 | D:8      | Found a glowing silver altar of Zin.
  7738 | D:8      | Reached XP level 10. HP: 28/55 MP: 5/11
  8243 | D:9      | Reached skill level 10 in Dodging
  8475 | D:9      | Found a staircase to the Lair.
  8507 | D:9      | Reached ** piety under Wu Jian
  8953 | D:9      | Found Nugaove's Jewellery Emporium.
  9036 | D:9      | Bought a maw talisman for 390 gold pieces
  9257 | D:10     | Entered Level 10 of the Dungeon
  9274 | D:10     | Reached XP level 11. HP: 47/60 MP: 8/12
  9769 | D:10     | Found a hide-covered altar of Uskayaw.
 10055 | D:11     | Noticed a two-headed ogre
 10070 | D:11     | Killed a two-headed ogre
 10216 | D:11     | Noticed a two-headed ogre
 10222 | D:11     | Killed a two-headed ogre
 10619 | D:11     | Noticed a boulder beetle
 10629 | D:11     | Killed a boulder beetle
 10641 | D:11     | Found a transporter.
 10646 | D:11     | Noticed a tengu warrior
 10647 | D:11     | Found a bloodstained altar of Trog.
 10647 | D:11     | Noticed OlivierBoivin's ghost (journeyman MfGl)
 10647 | D:11     | Noticed a two-headed ogre
 10648 | D:11     | Found a transporter.
 10648 | D:11     | Noticed a two-headed ogre
 11024 | D:12     | Reached *** piety under Wu Jian
 11065 | D:12     | Reached skill level 10 in Unarmed Combat
 11814 | D:12     | Found a staircase to the Orcish Mines.
 11945 | D:12     | Noticed Sonja
 11948 | D:12     | Killed Sonja
 12086 | Lair:1   | Entered Level 1 of the Lair of Beasts
 12147 | D:9      | Gained mutation: Your thick and shaggy fur keeps you warm.
                  | (AC +3, rC+) [Felid growth]
 12147 | D:9      | Reached XP level 12. HP: 37/67 MP: 9/13
 12251 | Lair:1   | Reached skill level 10 in Fighting
 12519 | Lair:1   | Noticed a death yak
 12819 | Lair:1   | Noticed a death yak
 12823 | Lair:1   | Noticed a death yak
 12829 | Lair:1   | Killed a death yak
 12829 | Lair:1   | Noticed a death yak
 12833 | Lair:1   | Killed a death yak
 12835 | Lair:1   | Noticed a death yak
 12841 | Lair:1   | Killed a death yak
 12846 | Lair:1   | Killed a death yak
 12848 | Lair:1   | HP: 3/68 [yak (11)]
 12934 | Lair:1   | Killed a death yak
 13276 | Lair:1   | Reached skill level 10 in Shapeshifting
 14099 | Lair:2   | Found a staircase to the Snake Pit.
 14676 | Lair:2   | Noticed a boulder beetle
 14692 | Lair:2   | Killed a boulder beetle
 14791 | Lair:2   | Found a hide-covered altar of Uskayaw.
 14791 | Lair:2   | Found an ornate altar of the Wu Jian Council.
 15109 | Lair:3   | Reached XP level 13. HP: 43/73 MP: 7/14
 15295 | Lair:3   | Reached **** piety under Wu Jian
 15386 | Lair:3   | Found a staircase to the Shoals.
 18194 | Lair:4   | Reached XP level 14. HP: 64/77 MP: 15/15
 18727 | Lair:5   | Entered Level 5 of the Lair of Beasts
 19026 | Lair:5   | Reached ***** piety under Wu Jian
 19472 | Lair:5   | Found a viscous altar of Jiyva.
 19472 | Lair:5   | Found a staircase to the Slime Pits.
 19655 | Lair:5   | Reached skill level 15 in Shapeshifting
 21050 | Lair:5   | Slain by a torpor snail
 21050 | Lair:5   | Lost a life (1 life remaining)
 21485 | D:5      | Bought the ring "Hafik" {rElec rF+ Str+6 Slay-5 Stlth-} for
                  | 321 gold pieces
 21646 | Orc:1    | Entered Level 1 of the Orcish Mines
 21781 | Orc:2    | Entered Level 2 of the Orcish Mines
 21845 | Orc:2    | Reached XP level 15. HP: 81/81 MP: 16/16
 21845 | Orc:2    | Gained a life (2 lives remaining)
 21883 | Orc:2    | Found Ceiv's Distillery.
 21883 | Orc:2    | Found Taajan's Jewellery Shop.
 21889 | Orc:2    | Found Cesoq's Book Shop.
 21894 | Orc:2    | Found Liblub's Antique Weapon Boutique.
 21907 | Orc:2    | Found a staircase to the Elven Halls.
 22057 | Orc:2    | Bought 2 potions of heal wounds for 160 gold pieces
 22057 | Orc:2    | Bought a potion of heal wounds for 80 gold pieces
 22057 | Orc:2    | Bought a potion of haste for 160 gold pieces
 22057 | Orc:2    | Bought a potion of heal wounds for 80 gold pieces
 22057 | Orc:2    | Bought a potion of might for 64 gold pieces
 22057 | Orc:2    | Bought a potion of curing for 48 gold pieces
 22439 | Orc:2    | Bought a ring of poison resistance for 240 gold pieces
 22607 | Orc:1    | Noticed Erolcha
 22615 | Orc:1    | Noticed Erica
 22618 | Orc:1    | Killed Erolcha
 22637 | Orc:1    | Killed Erica
 23072 | D:13     | Found a gate to the Vaults.
 23174 | D:13     | Found a gate leading to a gauntlet.
 23190 | Gauntlet | Entered a Gauntlet
 23190 | Gauntlet | Found a transporter.
 23202 | Gauntlet | Found a transporter.
 23204 | Gauntlet | Found a transporter.
 23213 | Gauntlet | Found a transporter.
 23227 | Gauntlet | Found a transporter.
 23229 | Gauntlet | Found a large runed translucent door.
 23230 | Gauntlet | Found a large runed translucent door.
 23231 | Gauntlet | Found a large runed translucent door.
 23231 | Gauntlet | Found a large runed translucent door.
 23231 | Gauntlet | Found a runed translucent door.
 23232 | Gauntlet | Found a transporter.
 23233 | Gauntlet | Found a runed translucent door.
 23234 | Gauntlet | Found a large runed translucent door.
 23234 | Gauntlet | Found a large runed translucent door.
 23235 | Gauntlet | Found a large runed translucent door.
 23236 | Gauntlet | Found a large runed translucent door.
 23242 | Gauntlet | Found a large runed translucent door.
 23242 | Gauntlet | Found a large runed translucent door.
 23243 | Gauntlet | Found a large runed translucent door.
 23243 | Gauntlet | Found a large runed translucent door.
 23244 | Gauntlet | Found a large runed translucent door.
 23244 | Gauntlet | Found a large runed translucent door.
 23245 | Gauntlet | Found a runed translucent gate.
 23245 | Gauntlet | Found a runed translucent gate.
 23245 | Gauntlet | Found a runed translucent gate.
 23247 | Gauntlet | Found a transporter.
 23257 | Gauntlet | Found a large runed translucent door.
 23258 | Gauntlet | Found a large runed translucent door.
 23266 | Gauntlet | Found a transporter.
 23268 | Gauntlet | Found the -2 hat of the Alchemist {rElec rPois rF+ rC+ rN+
                  | Will+ rMut rCorr}
 23278 | Gauntlet | Found a transporter.
 23284 | Gauntlet | Found a transporter.
 23299 | Gauntlet | Found a transporter.
 23311 | Gauntlet | Found a transporter.
 23317 | Gauntlet | Found a transporter.
 23317 | Gauntlet | Found a transporter.
 23332 | Gauntlet | Found a transporter.
 23338 | Gauntlet | Found a transporter.
 23377 | Gauntlet | Found a transporter.
 23404 | Gauntlet | Found a transporter.
 23732 | Gauntlet | Identified the ring "Seqitodghe" {MP+9 Dex+6}
 23772 | Gauntlet | Identified the +4 mace "Bisoanoc" {flame, rPois Str+3}
 23806 | Gauntlet | Identified the +3 flail of Aniovoez {flame, rElec rN+ Str+2
                  | Stlth-}
 23806 | Gauntlet | Identified the ring of Starshine {*Corrode rElec rPois rF++
                  | SInv}
 23837 | Gauntlet | Got the Octavo of the Cemetery and Sparks
 23845 | Gauntlet | Identified the +5 short sword "Daeczon" {drain, Str+4
                  | Dex+2}
 23846 | Gauntlet | Got the Encyclopedia of Interference
 24118 | D:13     | Found a runed translucent gate.
 24118 | D:13     | Found a runed translucent gate.
 24120 | D:13     | Found a runed translucent gate.
 24121 | D:13     | Noticed TheBioAlchemist's ghost (journeyman OpSh)
 24132 | D:13     | Noticed a frost giant
 24211 | D:13     | Killed TheBioAlchemist's ghost
 24223 | D:13     | Mangled by a frost giant
 24223 | D:13     | Lost a life (1 life remaining)
 24269 | D:13     | Killed a frost giant
 25054 | D:15     | Entered Level 15 of the Dungeon
 25102 | D:15     | Found a runed translucent gate.
 25102 | D:15     | Noticed Bananafolds's ghost (adept NaAl)
 25103 | D:15     | Found a runed translucent gate.
 25103 | D:15     | Noticed a fire giant
 25104 | D:15     | Found a runed translucent gate.
 25556 | D:15     | Found a staircase to the Depths.
 25868 | D:15     | Identified the +5 ring mail of the Abyss {Dex+3 SInv}
 26595 | Snake:1  | Entered Level 1 of the Snake Pit
 26595 | Snake:1  | Identified the serpent talisman of Fashionability {rF- MP+9
                  | Str+6 Dex+3}
 26595 | Snake:1  | Noticed Aizul
 26614 | Snake:2  | Killed Aizul
 26683 | Snake:2  | Found Radaown's Book Shoppe.
 26759 | Snake:2  | Reached XP level 16. HP: 43/90 MP: 9/17
 26759 | Snake:2  | Gained a life (2 lives remaining)
 26898 | Snake:2  | Found Fiwuoh's Jewellery Boutique.
 26898 | Snake:2  | Found Qozim's Book Emporium.
 26899 | Snake:2  | Found Unku Yjy's Jewellery Boutique.
 26913 | Snake:2  | Bought a granite talisman for 780 gold pieces
 28111 | Snake:2  | Killed from afar by a deep elf knight
 28111 | Snake:2  | Lost a life (1 life remaining)
 29098 | Snake:3  | Reached ****** piety under Wu Jian
 29099 | Snake:3  | Reached skill level 15 in Fighting
 29162 | Snake:3  | Noticed Nikola
 29181 | Snake:3  | Killed Nikola
 29825 | Snake:4  | Entered Level 4 of the Snake Pit
 29907 | Snake:4  | Reached XP level 17. HP: 99/99 MP: 18/18
 29907 | Snake:4  | Gained a life (2 lives remaining)
 30054 | Snake:4  | Found a flickering gateway to a bazaar.
 30068 | Bazaar   | Entered a bazaar
 30072 | Bazaar   | Found Ephih's Armour Boutique.
 30094 | Bazaar   | Found Opashur's Armour Emporium.
 30115 | Bazaar   | Found Oxtuol's Book Boutique.
 30135 | Bazaar   | Found Soeliv's Antique Armour Shoppe.
 31199 | Snake:1  | Found Nulug's Magic Scroll Emporium.
 31208 | Snake:1  | Bought a scroll of blinking for 135 gold pieces
 31208 | Snake:1  | Bought a scroll of teleportation for 54 gold pieces
 31370 | Snake:1  | Reached XP level 18. HP: 109/109 MP: 19/19
 31739 | Snake:1  | Identified the +1 scale mail of the Realm of Zot {+Inv rF-
                  | Dex+3}
 32101 | Shoals:1 | Entered Level 1 of the Shoals
 34404 | Shoals:3 | Found a runed translucent gate.
 34404 | Shoals:3 | Found a runed translucent gate.
 34405 | Shoals:3 | Found a runed translucent gate.
 34406 | Shoals:3 | Noticed Jingleheimer's ghost (adept MiBe)
 34701 | Shoals:4 | Entered Level 4 of the Shoals
 34763 | Shoals:4 | Slain by a merfolk
 34763 | Shoals:4 | Lost a life (1 life remaining)
 35004 | Shoals:4 | Reached skill level 15 in Dodging
 35029 | Shoals:4 | Reached XP level 19. HP: 38/114 MP: 20/20
 35029 | Shoals:4 | Gained a life (2 lives remaining)
 35047 | Shoals:4 | Noticed Polyphemus
 35387 | Shoals:4 | Killed Polyphemus
 35729 | Elf:1    | Entered Level 1 of the Elven Halls
 35982 | Elf:1    | Identified the +5 falchion of Kindness {antimagic, rElec}
 36211 | Elf:1    | Noticed Agnes
 36220 | Elf:1    | Killed Agnes
 36477 | Elf:2    | Found Lorheub's Jewellery Boutique.
 36780 | Elf:2    | Noticed Zenata
 36798 | Elf:2    | Killed Zenata
 36922 | Elf:2    | Noticed Roxanne
 36932 | Elf:2    | Killed Roxanne
 36955 | Elf:2    | Found a runed translucent gate.
 36956 | Elf:2    | Found a runed translucent gate.
 36956 | Elf:2    | Found a runed translucent gate.
 37027 | Elf:2    | Noticed Saint Roka
 37041 | Elf:2    | Killed Saint Roka
 37156 | Elf:2    | Found a runed translucent door.
 37156 | Elf:2    | Found a shimmering altar of Xom.
 37156 | Elf:2    | Noticed Eskosele's ghost (adept TeRe)
 37196 | Elf:2    | Killed Eskosele's ghost
 37200 | Elf:2    | Identified a scroll of acquirement
 37206 | Elf:2    | Acquired 763 gold pieces
 37616 | Snake:1  | Bought a scroll of acquirement for 936 gold pieces
 37616 | Snake:1  | Bought a scroll of fog for 72 gold pieces
 37616 | Snake:1  | Acquired a manual of Spellcasting
 37846 | Elf:3    | Entered Level 3 of the Elven Halls
 37904 | Elf:3    | Reached XP level 20. HP: 121/121 MP: 21/21
 37963 | Elf:3    | Found a runed translucent gate.
 37963 | Elf:3    | Found a runed translucent gate.
 37964 | Elf:3    | Found a runed translucent gate.
 37964 | Elf:3    | Noticed becking's ghost (adept GrMo)
 37969 | Elf:3    | Found a viscous altar of Jiyva.
 38007 | Elf:3    | HP: 5/122 [deep elf elementalist/freezing blast (20)]
 38008 | Elf:3    | HP: 2/122 [red devil/+2 vampiric demon trident[a deep elf
                  | demonologist] (4)]
 38410 | Elf:3    | Identified the +2 leather armour of Meopot {Dex+3 Stlth+}
 38550 | Elf:3    | Identified the +1 scale mail "Reamal" {rPois Str-2 Int+4}
 38829 | Elf:3    | Identified the ring "Jivveus" {Str+6 Dex+7}
 39121 | Vaults:1 | Entered Level 1 of the Vaults
 39693 | Vaults:1 | Found Heodgh's General Store.
 39700 | Vaults:1 | Bought a scroll of poison for 56 gold pieces
 39700 | Vaults:1 | Bought a scroll of teleportation for 42 gold pieces
 39712 | Vaults:1 | Reached skill level 15 in Unarmed Combat
 39726 | Vaults:1 | Learned a level 3 spell: Fugue of the Fallen
 39887 | Vaults:1 | Reached skill level 1 in Spellcasting
 40050 | Vaults:1 | Reached skill level 1 in Necromancy
 40551 | Vaults:2 | Found Huox's Weapon Shoppe.
 40556 | Vaults:2 | Found Byzoykk's Antique Weapon Shoppe.
 40626 | Vaults:2 | Found a crumbling gateway.
 40642 | Desolati | Entered the Desolation of Salt
 40689 | Desolati | Reached XP level 21. HP: 102/128 MP: 28/28
 40709 | Desolati | Reached skill level 5 in Spellcasting
 40759 | Desolati | Got the Octavo of Obstruction
 40984 | Desolati | Found the +3 Elemental Staff {ele, rElec rF+ rC+ AC+3}
 40986 | Desolati | Found the +8 Vampire's Tooth {megavamp}
 41159 | Desolati | Identified the ring of Kosugg {rElec rPois rC+ Will+ MP+9}
 41612 | Vaults:2 | Found Necucw's Antique Weapon Boutique.
 41811 | Vaults:2 | Found Amarphos's Armour Emporium.
 42345 | Vaults:2 | Found a staircase to the Crypt.
 42346 | Vaults:2 | Paralysed by a vampire knight for 3 turns
 42877 | Vaults:3 | Reached skill level 10 in Spellcasting
 43029 | Vaults:3 | Found Qisis's Book Emporium.
 43334 | Vaults:3 | Found Miuhusos's Antique Weapon Shop.
 43944 | Vaults:4 | Found Geqeke's Antique Weapon Boutique.
 44006 | Vaults:4 | Reached XP level 22. HP: 133/133 MP: 37/37
 44950 | Vaults:3 | Bought a book of Misfortune for 544 gold pieces
 44997 | Vaults:5 | Entered Level 5 of the Vaults
 45004 | Vaults:5 | Reached skill level 1 in Hexes
 45016 | Vaults:5 | Reached skill level 5 in Hexes
 45041 | Vaults:5 | Gained mutation: You are dopey. (Int -2) [a shining eye]
 45084 | Vaults:5 | Reached skill level 10 in Hexes
 45098 | Vaults:5 | Found the +27 heavy crossbow "Sniper" {heavy, Acc+∞ SInv}
 45103 | Vaults:5 | Noticed a dread lich
 45114 | Vaults:5 | Killed a dread lich
 45122 | Vaults:5 | Identified the +3 eveningstar "Ofuatwus" {spect, rElec
                  | rPois SInv}
 45132 | Vaults:5 | Noticed a golden dragon
 45145 | Vaults:5 | Killed a golden dragon
 45174 | Vaults:5 | Reached XP level 23. HP: 25/139 MP: 40/40
 45181 | Vaults:5 | Noticed a dread lich
 45188 | Vaults:5 | Killed a dread lich
 45428 | Vaults:5 | Identified the +0 fire dragon scales of Weatiner {rF++ rC-
                  | Int+3}
 45444 | Vaults:5 | Noticed Mara
 45453 | Vaults:5 | Killed Mara
 45502 | Vaults:5 | Identified the +4 falchion of Shame {drain, +Blink}
 45525 | Vaults:5 | Got a silver rune of Zot
 45705 | Vaults:5 | Got the Anthology of Exhalation
 45746 | Vaults:5 | Got the Almanac of the Fair Folk
 45858 | Vaults:5 | Found the +4 robe of Folly {Brill Will-∞ Int+8}
 46489 | Slime:1  | Entered Level 1 of the Pits of Slime
 46924 | Slime:3  | Gained mutation: Your body sometimes deteriorates upon
                  | taking damage. [a shining eye]
 46927 | Slime:3  | Gained mutation: You are weak. (Str -2) [a shining eye]
 47405 | Slime:5  | Entered Level 5 of the Pits of Slime
 47436 | Slime:5  | Reached skill level 15 in Hexes
 47454 | Slime:5  | Learned a level 7 spell: Enfeeble
 47474 | Slime:5  | Noticed the Royal Jelly
 47500 | Slime:5  | Killed the Royal Jelly
 47509 | Slime:5  | HP: 4/141 [acid blob/splash of acid[the Royal Jelly] (12)]
 47641 | Slime:5  | Found the +2 pair of slick slippers {slick, slippery, EV+4}
 47675 | Slime:5  | Got a slimy rune of Zot
 47676 | Slime:5  | Identified the ring "Wiamaere" {Fly Will+ Str+2}
 47714 | Slime:5  | Identified the ring of Aciodghu {Fly rElec Str+3}
 47727 | Slime:5  | Identified the +8 dagger of Voune {heavy, Str+5}
 47738 | Slime:5  | Identified the +5 mace "Wiyfetosmef" {drain, rCorr Int+3}
 47788 | Slime:5  | Identified the +0 scale mail of Sevosa {-Tele Regen+ Dex+5}
 48137 | Depths:1 | Entered Level 1 of the Depths
 48269 | Depths:1 | Noticed Asterion
 48278 | Depths:1 | Killed Asterion
 48399 | Depths:1 | Found an iron altar of Okawaru.
 48654 | Depths:1 | Reached XP level 24. HP: 124/147 MP: 41/41
 48849 | Depths:1 | Found a gateway to Hell.
 49250 | Depths:2 | Found a one-way gate leading to the halls of Pandemonium.
 49279 | Depths:2 | Found a bloodstained altar of Trog.
 49339 | Depths:2 | You are sucked into a shaft and drop 1 floor!
 49571 | Depths:3 | Identified the ring of Mijibe {Ice Int+3 Dex-2 SInv}
 49571 | Depths:3 | Noticed Josephina
 49584 | Depths:3 | Killed Josephina
 49791 | Depths:3 | Found a one-way gate to the infinite horrors of the Abyss.
 49893 | Depths:3 | Acquired 868 gold pieces
 50243 | Depths:2 | Found Giuzuru's Magic Scroll Emporium.
 50248 | Depths:2 | Bought a scroll of acquirement for 1040 gold pieces
 50248 | Depths:2 | Bought a scroll of blinking for 150 gold pieces
 50248 | Depths:2 | Bought a scroll of poison for 80 gold pieces
 50248 | Depths:2 | Bought a scroll of poison for 80 gold pieces
 50248 | Depths:2 | Acquired the amulet "Daxteis" {Acrobat Fly rElec rN+ rCorr}
 50529 | Depths:4 | Entered Level 4 of the Depths
 50616 | Depths:4 | Noticed the Enchantress
 50637 | Depths:4 | Killed the Enchantress
 50899 | Depths:4 | Found a hazy altar of Hepliaklqana.
 50969 | Depths:4 | Noticed a juggernaut
 50978 | Depths:4 | Killed a juggernaut
 51017 | Depths:4 | Found a one-way gateway to a ziggurat.
 51312 | Depths:4 | Found Ylunac's CLEARANCE SALE!.
 51319 | Depths:4 | Bought a potion of might for 12 gold pieces
 51319 | Depths:4 | Bought a wand of digging (5) for 63 gold pieces
 51404 | Depths:4 | Found a gate to the Realm of Zot.
 51426 | Depths:4 | Reached XP level 25. HP: 85/154 MP: 41/41
 52414 | Snake:4  | Got a serpentine rune of Zot
 52997 | Shoals:4 | Got a barnacled rune of Zot
 53361 | Zot:1    | Entered Level 1 of the Realm of Zot
 53581 | Zot:1    | Reached skill level 1 in Evocations
 54804 | Zot:2    | Learned a level 6 spell: Dispersal
 54900 | Zot:2    | Gained mutation: Your magical capacity is low. (-10% MP) [a
                  | shining eye]
 54901 | Zot:2    | Gained mutation: You are occasionally teleported next to
                  | monsters. [a shining eye]
 55348 | Zot:3    | Reached skill level 5 in Evocations
 56601 | Zot:4    | Found a burning altar of Makhleb.
 56802 | Zot:4    | Identified the amulet of Higum {RegenMP Int-5 Dex+4}
 57233 | Zot:5    | Entered Level 5 of the Realm of Zot
 57347 | Zot:5    | Lost mutation: You are weak. (Str -2) [potion of mutation]
 57347 | Zot:5    | Lost mutation: Your magical capacity is low. (-10% MP)
                  | [potion of mutation]
 57347 | Zot:5    | Gained mutation: Your body often deteriorates upon taking
                  | damage. [potion of mutation]
 57347 | Zot:5    | Gained mutation: Your spells are a little harder to cast,
                  | but a little more powerful. [potion of mutation]
 57348 | Zot:5    | Lost mutation: You are dopey. (Int -2) [potion of mutation]
 57348 | Zot:5    | Lost mutation: You are occasionally teleported next to
                  | monsters. [potion of mutation]
 57348 | Zot:5    | Gained mutation: You have an increased reservoir of magic.
                  | (+10% MP) [potion of mutation]
 57348 | Zot:5    | Gained mutation: Your muscles are strong. (Str +4, Int/Dex
                  | -1) [potion of mutation]
 57348 | Zot:5    | Gained mutation: You are somewhat resistant to further
                  | mutation. [potion of mutation]
 57381 | Zot:5    | Reached XP level 26. HP: 159/161 MP: 45/45
 57395 | Zot:5    | Noticed an ancient lich
 57397 | Zot:5    | Noticed an orb of fire
 57398 | Zot:5    | Killed an orb of fire
 57398 | Zot:5    | Noticed an orb of fire
 57398 | Zot:5    | Noticed an orb of fire
 57398 | Zot:5    | Noticed an orb of fire
 57398 | Zot:5    | Noticed an orb of fire
 57399 | Zot:5    | Gained mutation: You are clumsy. (Dex -2) [an orb of fire]
 57403 | Zot:5    | Gained mutation: You are vulnerable to heat. (rF-) [an orb
                  | of fire]
 57404 | Zot:5    | Killed an ancient lich
 57406 | Zot:5    | Killed an orb of fire
 57407 | Zot:5    | Killed an orb of fire
 57409 | Zot:5    | Noticed an ancient lich
 57412 | Zot:5    | Killed an orb of fire
 57414 | Zot:5    | Killed an orb of fire
 57416 | Zot:5    | Noticed an ancient lich
 57416 | Zot:5    | Noticed an ancient lich
 57416 | Zot:5    | Noticed a dread lich
 57416 | Zot:5    | Killed an ancient lich
 57422 | Zot:5    | Killed an ancient lich
 57423 | Zot:5    | Reached skill level 10 in Evocations
 57423 | Zot:5    | Killed an ancient lich
 57427 | Zot:5    | Killed a dread lich
 58254 | Depths:3 | Voluntarily entered the Abyss.
 58255 | Abyss:1  | Found a corrupted altar of Lugonu.
 58262 | Abyss:2  | Found a corrupted altar of Lugonu.
 58263 | Abyss:2  | Found a corrupted altar of Lugonu.
 58281 | Abyss:2  | Found a corrupted altar of Lugonu.
 58345 | Abyss:2  | Found a corrupted altar of Lugonu.
 58557 | Abyss:3  | Paralysed by accursed screaming for 1 turns
 58597 | Abyss:3  | Noticed a dread lich
 58607 | Abyss:3  | Killed a dread lich
 58659 | Abyss:3  | Got an abyssal rune of Zot
 58705 | Depths:3 | Escaped the Abyss
 58756 | Pan      | Entered Pandemonium
 58905 | Pan      | Reached XP level 27. HP: 36/170 MP: 45/45
 58905 | Pan      | Noticed Aschoip the pandemonium lord
 59121 | Pan      | Killed Aschoip the pandemonium lord
 59127 | Pan      | Gained mutation: You are very clumsy. (Dex -4) [a
                  | cacodemon]
 59140 | Pan      | Entered the realm of Mnoleg.
 59140 | Pan      | Found an exit through the horrors of the Abyss.
 59203 | Pan      | Noticed Mnoleg
 59241 | Pan      | Killed Mnoleg
 59242 | Pan      | Slain by an eldritch tentacle
 59242 | Pan      | Lost a life (1 life remaining)
 59449 | Pan      | Got a glowing rune of Zot
 59481 | Pan      | Reached skill level 5 in Stealth
 59622 | Pan      | Found a huge runed translucent gate.
 59623 | Pan      | Found a huge runed translucent gate.
 59624 | Pan      | Found a huge runed translucent gate.
 59624 | Pan      | Found a huge runed translucent gate.
 59624 | Pan      | Found a huge runed translucent gate.
 59624 | Pan      | Found a huge runed translucent gate.
 59625 | Pan      | Found a huge runed translucent gate.
 59630 | Pan      | Identified the +0 scale mail of Patterns {^Drain MP+9 Int+8
                  | Dex-3}
 60021 | Pan      | Reached skill level 1 in Translocations
 60127 | Pan      | Found an exit through the horrors of the Abyss.
 60166 | Pan      | Noticed Qownogev the pandemonium lord
 60185 | Pan      | Killed Qownogev the pandemonium lord
 60198 | Pan      | Mangled by a war gargoyle
 60198 | Pan      | Lost a life (0 lives remaining)
 60209 | Depths:2 | Escaped Pandemonium
 60283 | Hell     | Entered the Vestibule of Hell
 60283 | Hell     | Noticed Geryon
 60671 | Depths:2 | Reached skill level 5 in Translocations
 60774 | Hell     | Lost mutation: Your muscles are strong. (Str +4, Int/Dex
                  | -1) [a cacodemon]
 61334 | Crypt:1  | Entered Level 1 of the Crypt
 61374 | Crypt:1  | You fall into a shaft and drop 1 floor!
 61436 | Crypt:1  | Noticed an ancient lich
 61439 | Crypt:1  | Killed an ancient lich
 61441 | Crypt:1  | Reached skill level 10 in Stealth
 62651 | Crypt:2  | Noticed a dread lich
 62763 | Crypt:2  | Reached skill level 10 in Translocations
 62763 | Crypt:2  | Gained a life (1 life remaining)
 62992 | Crypt:3  | Entered Level 3 of the Crypt
 63128 | Crypt:3  | Identified the ring "Befriud" {+Blink Str+3 Int+5 Dex+6}
 63752 | Crypt:3  | Noticed an ancient lich
 63757 | Crypt:3  | Killed an ancient lich
 63775 | Crypt:3  | Found an ancient bone altar of Kikubaaqudgha.
 63808 | Crypt:3  | Got the Papyrus of the Autopsy
 63918 | Crypt:3  | Found a staircase to the Tomb.
 64351 | Pan      | Entered the realm of Cerebov.
 64351 | Pan      | Entered Pandemonium
 64471 | Pan      | Reached skill level 15 in Stealth
 64545 | Pan      | Identified the ring "Pys Gusu" {^Contam rF+++ rC+ Str+7
                  | Dex-2}
 64578 | Pan      | Identified the +2 lajatang of Xoskiamp {flame, *Corrode rC+
                  | Will+++ Int+4}
 64654 | Pan      | Found the +6 sword of Cerebov {flame}
 64654 | Pan      | Noticed Cerebov
 64675 | Pan      | Killed Cerebov
 64698 | Pan      | Got a fiery rune of Zot
 64723 | Pan      | Identified the +7 flail "Tefiotir" {elec, *Noise Will+++
                  | Int+3 Dex-2}
 64742 | Pan      | Got the Directory of Windy Elsewhere
 64783 | Pan      | Identified the +9 spear of Chaos {drain, rPois rC+}
 65217 | Pan      | Noticed Ryrus the pandemonium lord
 65222 | Pan      | Killed Ryrus the pandemonium lord
 65313 | Pan      | Found a runed translucent door.
 65322 | Pan      | Got a demonic rune of Zot
 65559 | Pan      | Found an exit through the horrors of the Abyss.
 65607 | Pan      | Noticed Wyepunny the pandemonium lord
 65617 | Pan      | Killed Wyepunny the pandemonium lord
 65720 | Pan      | Entered the realm of Gloorx Vloq.
 66010 | Pan      | Gained a life (2 lives remaining)
 66013 | Pan      | Noticed Gloorx Vloq
 66018 | Pan      | Killed Gloorx Vloq
 66031 | Pan      | Got a dark rune of Zot
 66288 | Pan      | Entered the realm of Lom Lobon.
 66435 | Pan      | HP: 5/163 [demonspawn blood saint/fireball (33)]
 66435 | Pan      | Killed from afar by a wind drake
 66435 | Pan      | Lost a life (1 life remaining)
 67382 | Pan      | Noticed Lom Lobon
 67391 | Pan      | Killed Lom Lobon
 67444 | Pan      | Got a magical rune of Zot
 67826 | Depths:2 | Escaped Pandemonium
 68174 | Tomb:1   | Entered Level 1 of the Tomb of the Ancients
 68255 | Tomb:1   | Lost mutation: You are vulnerable to heat. (rF-) [potion of
                  | mutation]
 68255 | Tomb:1   | Lost mutation: Your spells are a little harder to cast, but
                  | a little more powerful. [potion of mutation]
 68255 | Tomb:1   | Gained mutation: Your mind is acute. (Int +4, Str/Dex -1)
                  | [potion of mutation]
 68256 | Tomb:1   | Lost mutation: You are very clumsy. (Dex -4) [potion of
                  | mutation]
 68256 | Tomb:1   | Lost mutation: Your mind is acute. (Int +4, Str/Dex -1)
                  | [potion of mutation]
 68256 | Tomb:1   | Lost mutation: You are clumsy. (Dex -2) [potion of
                  | mutation]
 68256 | Tomb:1   | Gained mutation: Your natural rate of healing is unusually
                  | fast. [potion of mutation]
 68256 | Tomb:1   | Gained mutation: You have a considerably increased
                  | reservoir of magic. (+20% MP) [potion of mutation]
 68257 | Tomb:1   | Lost mutation: Your natural rate of healing is unusually
                  | fast. [potion of mutation]
 68257 | Tomb:1   | Lost mutation: You have a considerably increased reservoir
                  | of magic. (+20% MP) [potion of mutation]
 68258 | Tomb:1   | Lost mutation: You are somewhat resistant to further
                  | mutation. [potion of mutation]
 68258 | Tomb:1   | Lost mutation: You have an increased reservoir of magic.
                  | (+10% MP) [potion of mutation]
 68258 | Tomb:1   | Lost mutation: Your body often deteriorates upon taking
                  | damage. [potion of mutation]
 68258 | Tomb:1   | Gained mutation: You have hidden genetic defects. [potion
                  | of mutation]
 68258 | Tomb:1   | Gained mutation: You have a pair of small horns on your
                  | head. [potion of mutation]
 68259 | Tomb:1   | Lost mutation: You have a pair of small horns on your head.
                  | [potion of mutation]
 68259 | Tomb:1   | Lost mutation: Your body sometimes deteriorates upon taking
                  | damage. [potion of mutation]
 68259 | Tomb:1   | Gained mutation: You are resistant to electric shocks.
                  | (rElec) [potion of mutation]
 68259 | Tomb:1   | Gained mutation: You are dopey. (Int -2) [potion of
                  | mutation]
 68260 | Tomb:1   | Lost mutation: You are dopey. (Int -2) [potion of mutation]
 68260 | Tomb:1   | Lost mutation: You have hidden genetic defects. [potion of
                  | mutation]
 68260 | Tomb:1   | Lost mutation: You are resistant to electric shocks.
                  | (rElec) [potion of mutation]
 68260 | Tomb:1   | Gained mutation: You occasionally lose the ability to drink
                  | potions when taking damage. [potion of mutation]
 68260 | Tomb:1   | Lost mutation: You occasionally lose the ability to drink
                  | potions when taking damage. [potion of mutation]
 68260 | Tomb:1   | Gained mutation: You have very sharp fingernails. [potion
                  | of mutation]
 68357 | Tomb:1   | Noticed a royal mummy
 68370 | Tomb:1   | Killed a royal mummy
 68738 | Tomb:1   | Noticed a royal mummy
 68745 | Tomb:1   | Killed a royal mummy
 68765 | Tomb:1   | Learned a level 8 spell: Discord
 68996 | Tomb:2   | Noticed a royal mummy
 68996 | Tomb:2   | Noticed a royal mummy
 68998 | Tomb:2   | Noticed a royal mummy
 68998 | Tomb:2   | Noticed a royal mummy
 69000 | Tomb:2   | Noticed a royal mummy
 69001 | Tomb:2   | Killed a royal mummy
 69001 | Tomb:2   | Killed a royal mummy
 69020 | Tomb:2   | Killed a royal mummy
 69025 | Tomb:2   | Killed a royal mummy
 69086 | Tomb:2   | Killed a royal mummy
 69551 | Tomb:3   | Entered Level 3 of the Tomb of the Ancients
 69564 | Tomb:3   | Found the +18 shield of the Gong {Loud rN+ Will+ rCorr
                  | EV-5}
 69570 | Tomb:3   | Identified the +7 shortbow of Waximel {heavy, *Corrode rN+
                  | Stlth+}
 69598 | Tomb:3   | Noticed Boris
 69602 | Tomb:3   | Noticed a royal mummy
 69607 | Tomb:3   | Killed a royal mummy
 69608 | Tomb:3   | Noticed a royal mummy
 69608 | Tomb:3   | Noticed a royal mummy
 69608 | Tomb:3   | Noticed a royal mummy
 69608 | Tomb:3   | Noticed a royal mummy
 69609 | Tomb:3   | Noticed a royal mummy
 69609 | Tomb:3   | Noticed Khufu
 69611 | Tomb:3   | Gained a life (2 lives remaining)
 69611 | Tomb:3   | Noticed a royal mummy
 69615 | Tomb:3   | Noticed a royal mummy
 69620 | Tomb:3   | Killed a royal mummy
 69633 | Tomb:3   | Killed a royal mummy
 69647 | Tomb:3   | Killed from afar by a royal mummy
 69647 | Tomb:3   | Lost a life (1 life remaining)
 69775 | Tomb:3   | Identified the +0 scale mail of Parts Unknown {Str+8
                  | Stlth-}
 69777 | Tomb:3   | Identified the amulet "Beig" {RegenMP rN+ MP+9 Stlth+}
 69818 | Tomb:3   | Killed a royal mummy
 69825 | Tomb:3   | Found the +8 demon trident "Rift" {distort, reach+}
 69870 | Tomb:3   | Got a sanguine gem with 116 turns to spare
 69874 | Tomb:3   | Got a golden rune of Zot
 69895 | Tomb:3   | Killed a royal mummy
 69900 | Tomb:3   | Killed Khufu
 70468 | Hell     | Killed Geryon
 70679 | Hell     | Found a gateway to the Iron City of Dis.
 70761 | Hell     | Found a gateway to the freezing wastes of Cocytus.
 70908 | Hell     | Found a gateway to the decaying netherworld of Tartarus.
 70967 | Hell     | Found a gateway to the ashen valley of Gehenna.
 71123 | Coc:1    | Entered Level 1 of Cocytus
 71295 | Coc:2    | Reached skill level 15 in Translocations
 71804 | Coc:4    | HP: 3/170 [nargun (18)]
 71805 | Coc:4    | Annihilated by a nargun
 71805 | Coc:4    | Lost a life (0 lives remaining)
 72150 | Zot:5    | Got the Orb of Zot
 72161 | Zot:5    | Reached skill level 1 in Invocations
 72508 | D:15     | Noticed Pywan the pandemonium lord
 72669 | D:7      | Gained mutation: You are clumsy. (Dex -2) [a cacodemon]
 72717 | Temple   | Fell from the grace of Wu Jian
 72717 | Temple   | Became a worshipper of Makhleb the Destroyer
 72963 | D:1      | Reached skill level 5 in Invocations
 73980 | D:1      | Noticed Jikesusm the pandemonium lord
 73983 | D:1      | Killed Jikesusm the pandemonium lord
 74199 | D:1      | Noticed Ryxietz the pandemonium lord
 74207 | D:1      | Killed Ryxietz the pandemonium lord
 74327 | D:1      | Noticed Mowob the pandemonium lord
 74339 | D:1      | Killed Mowob the pandemonium lord
 74342 | D:1      | Reached * piety under Makhleb
 74671 | D:1      | Reached skill level 10 in Invocations
 74671 | D:1      | Gained a life (1 life remaining)
 74870 | D:$      | Escaped with the Orb!

Illustrated notes

Levels and vault maps discovered:
D:1:      spicycebolla_arrival_clurvy, layout_rooms, interstate_on_off,
          kennysheep_small_spiral
D:2:      layout_basic, minmay_misc_feat_diagonals, minmay_rat_hole
D:3:      layout_loops_ring, general_overflow_altar, mainiacjoe_overflow_paths,
          chequers_ecumenical_altar_simple_redux
D:4:      layout_loops_ring, elyvilon_altar_3, ashenzari_conservatory_becter,
          mainiacjoe_overflow_cross_hatched, serial_shops,
          nicolae_shop_real_fake_doors, uniq_robin
D:5:      minmay_chambers_of_threes, layout_basic, serial_shops, shop,
          nicolae_stop_n_shop_2, kennysheep_little_box, shop,
          nicolae_shop_back_alley_shop, sigmund_edmund_badplayer
D:6:      layout_cave_pools, lemuel_crystal_altar, temple_green
D:7:      kennysheep_kobold_camp, layout_loops_corners,
          mainiacjoe_overflow_catwalk, ebering_dispersal_statue_hall,
          chequers_avenue, uniq_duvessa
D:8:      layout_gridville, mainiacjoe_overflow_boulevard, zin_scriptorium
D:9:      layout_basic, minmay_lair_entry_grove, serial_shops,
          nicolae_shop_peninsula
D:10:     layout_basic, eat_drink_and_be_merry_uskayaw
D:11:     wad_pebble_path, layout_rooms, gammafunk_ghost_wrathful_warriors,
          grunt_ogre_cave, david_defended_altar_orc
D:12:     layout_irregular_city, erik_orc_2, uniq_sonja
D:13:     layout_loops_cross, david_vaults_4, gauntlet_entry_generic,
          gammafunk_ghost_split, minmay_misc_feat_chi, dreamdust_looks_like_rain
D:14:     layout_loops_cross, minivault_25
D:15:     gammafunk_depths_entry_grave, layout_stronghold,
          gammafunk_ghost_split, chequers_big_river
Temple:   nicolae_temple_hex_pool
Lair:1:   layout_concentric_octagons, lightli_volcano_entry_magma_tube,
          infiniplex_staircase_pool_2
Lair:2:   wander_river, layout_cave_pods, minmay_snake_entry_six_corridors,
          nzn_masters_of_martial_movement, serial_bayou_shore_b
Lair:3:   layout_gridlike, nicolae_shoals_entry_roost, minmay_shattered_shrine,
          serial_bayou_shore_b
Lair:4:   nzn_winding_woodlands_three_and_one
          [nzn_winding_woodlands_5x15_sidewinder,
          nzn_winding_woodlands_5x15_sawtooth, nzn_winding_woodlands_5x15_cabin,
          nzn_winding_woodlands_center_diamonds], layout_gridlike
Lair:5:   wormcave, layout_long_grid, hangedman_lair_caniforms_friends,
          dpeg_slime_entry_corner, lemuel_fruit_fields
Shoals:1: layout_shoals, nicolae_shoals_beach_house_on_fowls_legs
Shoals:2: layout_shoals, nicolae_shoals_nautilus_by_nature,
          nicolae_splish_splash
Shoals:3: layout_shoals, gammafunk_ghost_tricky_traps
Shoals:4: shoals_end_simple, layout_shoals, nicolae_shoals_bring_sunscreen,
          uniq_polyphemus
Snake:1:  kennysheep_snake, layout_misc_corridors, evilmike_ambush
          [evilmike_ambush_outer_basic, evilmike_ambush_inner_basic],
          minmay_shop_star, uniq_aizul
Snake:2:  layout_chambers, serial_shops, shop, beargit_elvish_explorers,
          minmay_shop_grove
Snake:3:  layout_layer_cave, evilmike_ambush [evilmike_ambush_outer_corners,
          evilmike_ambush_inner_cross], serial_bayou_shore_b,
          nicolae_triple_integral, uniq_nikola
Snake:4:  minmay_snake_end_coiled, layout_cave_pods, serial_shops,
          bzr_entry_islet
Slime:1:  layout_caves
Slime:2:  cheibrodos_slime_lost_civilization_3, layout_caves, basic_altar
Slime:3:  layout_caves, nicolae_slime_getting_an_eyeful
Slime:4:  layout_caves
Slime:5:  slime_pit
Orc:1:    layout_diamond_mine, blackcustard_mines_bat_river, uniq_erica,
          uniq_erolcha
Orc:2:    st_orc_mages, layout_caves
Elf:1:    layout_geoelf_octagon, hangedman_elf_disciples, drop_trap,
          roderic_lattice_octagonal_star, uniq_agnes
Elf:2:    nicolae_elf_blades_crystal_corner, layout_gridlike, serial_shops,
          nicolae_shop_just_a_little_nook, ebering_ghost_xom, uniq_saint_roka,
          uniq_zenata, uniq_roxanne
Elf:3:    minmay_elf_hall_quartered_circle, layout_loops_corners,
          gammafunk_ghost_ooze, nicolae_elf_big_sculpture_3
Vaults:1: v_misc_11, nicolae_vaults_sightless_eye, vaults_room_pools,
          ontoclasm_vaults_loading_screen, nicolae_vaults_more_shelving_2,
          serial_library_hellmonk_open_square, vaults_room_grunt_arrival_ludios,
          v_misc_23, vaults_mumra_chevron, layout_vaults_omnigrid, serial_shops,
          shop
Vaults:2: portal_desolation_entry_nicolae_nacl,
          nicolae_vaults_security_offices_5, v_pattern_3, nicolae_vaults_big_ls,
          ontoclasm_vaults_spin, nicolae_vaults_gold_heap,
          nicolae_vaults_little_squares_1, nicolae_vaults_storage_closets_3,
          grunt_vaults_swirl, nicolae_vaults_closet_pinwheel_1,
          minmay_crypt_entry_vampire_xt, nicolae_vaults_trapezoid_1,
          nicolae_vaults_circle_grid_b, nicolae_vaults_shelves_hall,
          nicolae_vaults_double_plus_1, vaults_dpeg_diagonal,
          vaults_room_stairs_pillars, nicolae_vaults_trapezoid_lopsided_3,
          layout_vaults_omnicross, serial_shops, nicolae_diamond_shop,
          nicolae_shop_statue_plus, shop, shop
Vaults:3: nicolae_vaults_apartment_1, v_misc_14,
          nicolae_vaults_little_squares_5, nooodl_orcs_dogs,
          ontoclasm_vaults_hangar, ontoclasm_vaults_loading_screen,
          nicolae_vaults_mini_display_case,
          nicolae_vaults_windows_and_doors_thing,
          nicolae_vaults_little_squares_5, nicolae_vaults_prndl,
          nicolae_vaults_tetromino_Z_2, layout_vaults_ring, serial_shops,
          nicolae_shop_back_alley_shop, shop
Vaults:4: nicolae_vaults_shrinking_rooms_2, nicolae_vaults_house_2,
          nicolae_vaults_surprise_closet, nicolae_vaults_little_squares_5,
          nicolae_vaults_double_plus_1, hangedman_vaults_river_flow,
          nicolae_vaults_little_squares_6, vaults_mumra_hex,
          nicolae_vaults_surprise_closet, nicolae_vaults_sesquioval_fish,
          nicolae_vaults_variable_pillar_hall, nicolae_vaults_library_corner,
          ontoclasm_vaults_shuriken, layout_vaults_chaotic_city, serial_shops,
          shop
Vaults:5: uniq_mara
Crypt:1:  layout_misc_corridors, minmay_misc_feat_pillars, minivault_14,
          grunt_crypt_arrival_webbed
Crypt:2:  layout_gridlike, special_room [special_room_morgue]
Crypt:3:  cryptofortress_bobbens
Tomb:1
Tomb:2
Tomb:3:   uniq_boris
Depths:1: layout_small_grid, hangedman_tar_grid_catacomb, st_stairs_4,
          okawaru_altar_gauntlet_db, uniq_asterion
Depths:2: minmay_inner_zag, layout_basic, hangedman_coc_ice_floe, serial_shops,
          shop, pan_entry, trog_three_pillars_becter
Depths:3: kennysheep_four_of_diamonds, layout_cave_pools, hell_entry,
          abyss_entry, uniq_josephina
Depths:4: grunt_zot_entry_bicorn, layout_basic, enter_ziggurat_e,
          lightli_too_deep, hangedman_abyss_entry_splay,
          nzn_hepliaklqana_mist_gate, nicolae_shop_clearance, uniq_enchantress,
          uniq_parghit
Hell
Coc:1:    layout_ice_bergs
Coc:2:    layout_cocytus_delve, serial_ice, serial_ice_a, serial_ice_l,
          serial_ice_m, serial_ice_e, serial_ice_b
Coc:3:    layout_cocytus_delve
Coc:4:    layout_ice_bergs, nicolae_coc_wendigon
Zot:1:    layout_gridville
Zot:2:    kennysheep_oblong_rooms, layout_cathedral_of_symmetry
Zot:3:    grunt_twist_and_shout, layout_concentric_octagons
Zot:4:    layout_basic, regret_index_zotdec_demonic_mixed,
          hangedman_zot_diagonal_lockstep, st_stairs_12,
          regret_index_zotdec_misc_clamp
Zot:5:    layout_onion, skrybe_zot_glass_3

Skill      XL: |  1  2  3  4  5  6  7  8  9 10 11 12 13 14 15 16 17 18 19 20 21 22 23 24 25 26 27 |
---------------+----------------------------------------------------------------------------------+-----
Stealth        | 1 2 3 21 | 21.1
Dodging        | 3 4 5 6 7 9 11 12 14 15 17 19 20 26 | 26.0
Shapeshifting  | 3 4 5 6 7 8 10 13 16 18 20 21 22 23 24 26 | 26.9
Fighting       | 2 3 4 5 7 8 9 10 12 15 17 18 19 20 22 23 25 | 25.9
Unarmed Combat | 4 5 6 7 9 10 11 12 13 15 18 20 21 23 26 | 26.0
Spellcasting   | 4 10 12 13 | 13.0
Necromancy     | 3 4 |  4.0
Hexes          | 12 16 18 25 | 25.0
Evocations     | 8 10 12 | 12.4
Translocations | 16 | 16.0
Invocations    | 10 | 10.3

Action                     |  1- 3 |  4- 6 |  7- 9 | 10-12 | 13-15 | 16-18 | 19-21 | 22-24 | 25-27 || total
---------------------------+-------+-------+-------+-------+-------+-------+-------+-------+-------++-------
  Melee: Unarmed           |   113 |   160 |   312 |   678 |  1528 |  1392 |  1245 |  1142 |  3477 || 10047
         Bite              |    11 |    17 |    36 |   111 |   230 |   140 |       |       |   241 ||   786
         Punch             |     1 |     2 |     9 |       |    39 |    97 |   134 |   154 |   619 ||  1055
         Maw               |       |       |       |       |   195 |     4 |       |       |       ||   199
   Cast: Fugue of the Fall |       |       |       |       |       |       |       |     1 |       ||     1
         Enfeeble          |       |       |       |       |       |       |       |       |    23 ||    23
 Invoke: Serpent's Lash    |       |       |       |     4 |    20 |     5 |     3 |     3 |    29 ||    64
         Heavenly Storm    |       |       |       |       |     1 |     1 |     1 |     1 |     9 ||    13
Ability: Lunge             |       |       |    12 |    45 |    87 |   132 |   136 |   102 |   341 ||   855
         Whirlwind         |       |       |     7 |   162 |   542 |   374 |    72 |   151 |   760 ||  2068
         Wall Jump         |       |       |       |       |       |     2 |       |       |       ||     2
         Blinkbolt         |       |       |       |       |       |     8 |    10 |    11 |    30 ||    59
  Evoke: Wand              |       |       |    13 |    19 |     3 |       |       |     3 |    15 ||    53
         Phantom mirror    |       |       |       |       |       |       |       |       |     4 ||     4
    Use: Scroll            |     1 |     7 |     6 |     9 |    10 |     6 |     7 |     6 |    36 ||    88
         Potion            |       |     1 |       |     1 |    15 |     3 |     4 |     6 |    22 ||    52
   Stab: Sleeping          |     5 |     5 |    10 |     1 |     5 |    15 |    16 |     6 |    40 ||   103
         Distracted        |       |     1 |     3 |       |       |     2 |     2 |     1 |    35 ||    44
         Petrified         |       |       |       |       |     2 |       |     2 |       |       ||     4
         Invisible         |       |       |       |       |       |       |       |       |     3 ||     3
 Armour: Skin              |    27 |    39 |    98 |   127 |   374 |   605 |   208 |   213 |   561 ||  2252
  Dodge: Dodged            |    81 |    86 |   268 |   515 |  1321 |  2337 |  1259 |  1015 |  2788 ||  9670
   Form: Flux              |       |       |     1 |       |     1 |       |       |       |       ||     2
         Maw               |       |       |       |       |     2 |       |       |       |       ||     2
         Serpent           |       |       |       |       |     1 |       |       |       |       ||     1
         Statue            |       |       |       |       |       |     1 |       |       |     3 ||     4
         Storm             |       |       |       |       |       |     1 |       |       |     6 ||     7
         Death             |       |       |       |       |       |       |       |       |    12 ||    12
                           |       |       |       |       |       |       |       |       |     3 ||     3
